 Dungeon Crawl Stone Soup version 0.26.1-2-gb8aa6d0cf2 (webtiles) character file.

Game seed: 3843299307743208565

112 windgrace the Chopper (level 4, -8/41 HPs)
             Began as a Hill Orc Monk on Feb 11, 2021.
             Was a Believer of Beogh.
             Killed by nerve-wracking pain
             ... invoked by Grinder
              (13 damage)
             ... on level 3 of the Dungeon.
             The game lasted 00:13:54 (2066 turns).

windgrace the Chopper (Hill Orc Monk)               Turns: 2066, Time: 00:13:55

Health: -8/41      AC: 11    Str: 13    XL:     4   Next: 95%
Magic:  13/13      EV:  1    Int: 16    God:    Beogh [**....]
Gold:   91         SH:  7    Dex: 14    Spells: 3/3 levels left

rFire    . . .     SeeInvis .   a - +0 hand axe
rCold    . . .     Faith    .   r - +0 kite shield
rNeg     . . .     Spirit   .   k - +0 plate armour
rPois    .         Reflect  .   (no helmet)
rElec    .         Harm     .   (no cloak)
rCorr    .         Rampage  .   (no gloves)
Will     .....                  (no boots)
Stlth    ..........             (no amulet)
HPRegen  0.13/turn              g - ring of magical power
MPRegen  0.13/turn              j - +6 ring of intelligence

@: no status effects
A: no striking features
a: Renounce Religion, Smiting


You were on level 3 of the Dungeon.
You worshipped Beogh.
Beogh was pleased with you.
You visited 1 branch of the dungeon, and saw 3 of its levels.

You collected 91 gold pieces.

Inventory:

Hand Weapons
 a - a +0 hand axe (weapon)
Missiles
 e - 18 sling bullets
 t - 3 boomerangs (quivered)
Armour
 b - a +0 robe
 k - a +0 plate armour (worn)
 r - a +0 kite shield (worn)
Jewellery
 g - a ring of magical power (left hand)
 j - a +6 ring of intelligence (right hand)
Scrolls
 c - a scroll of remove curse {unknown}
 d - 8 scrolls of identify {unknown}
 f - 2 scrolls of teleportation {unknown}
 l - a scroll of immolation {unknown}
 n - 3 scrolls of amnesia {unknown}
 o - a scroll of magic mapping {unknown}
 p - a scroll of fog {unknown}
Potions
 h - a potion of haste {unknown}
 i - a potion of brilliance {unknown}
 m - a potion of curing
 q - 2 potions of magic {unknown}
 s - a potion of might {unknown}
 u - a potion of degeneration {unknown}


   Skills:
 - Level 4.4 Fighting
 + Level 4.9 Axes
 + Level 2.8 Armour
 - Level 2.4 Dodging
 - Level 1.7 Stealth
 + Level 1.1 Shields
 + Level 1.0 Invocations


You had 3 spell levels left.
You didn't know any spells.
Your spell library was empty.

Dungeon Overview and Level Annotations

Branches:
Dungeon (3/15)

Altars:
Dithmenos
Kikubaaqudgha
Vehumet
The Shining One

Annotations:
D:3 Grinder


Message History

Grinder is lightly wounded.
You hit the orc priest but do no damage.
You hit the orc. You hit the orc but do no damage.
Grinder hits you but does no damage. You block the orc priest's attack.
The orc hits you but does no damage. x2
You hit Grinder but do no damage.
Grinder is lightly wounded.
You hit the orc priest. You closely miss the orc.
You hit the orc but do no damage. Grinder gestures at you.
Pain shoots through your body!
* * * LOW HITPOINT WARNING * * *
The orc hits you but does no damage.
The orc priest invokes the aid of Beogh against you.
Pain shoots through your body!
* * * LOW HITPOINT WARNING * * *
The orc hits you but does no damage. Grinder gestures at you.
Pain shoots through your body!
You die...

........##..###
####.##.##..#
#. #.##..# #.
#.##..### #.
#.......# #.
##......# #
.......#..# #
......###.5#
#..##### #o@#
.. #oo# . #.o#
# #..# . ##..
#.. ... #..#


You could see Grinder, an orc priest and 3 orcs.

Vanquished Creatures
  4 adders
  An ooze (D:1)
  A worm (D:3)
  2 leopard geckos
  3 orcs (D:3)
  A ball python (D:1)
  7 bats
  A giant cockroach (D:2)
  9 goblins
  10 hobgoblins
  5 jackals
  5 kobolds
  A quokka (D:2)
  3 frilled lizards
  8 rats
61 creatures vanquished.

Notes
Turn   | Place    | Note
-------+----------+-------------------------------------------
     0 | D:1      | windgrace the Hill Orc Monk began the quest for the Orb.
     0 | D:1      | Reached XP level 1. HP: 19/19 MP: 1/1
    67 | D:1      | Reached XP level 2. HP: 25/27 MP: 2/2
   361 | D:1      | Reached XP level 3. HP: 30/34 MP: 3/3
   892 | D:2      | Reached skill level 1 in Armour
  1407 | D:2      | Reached XP level 4. HP: 36/41 MP: 4/4
  1494 | D:2      | Found a radiant altar of Vehumet.
  1494 | D:2      | Found a glowing golden altar of the Shining One.
  1499 | D:2      | Found an ancient bone altar of Kikubaaqudgha.
  1504 | D:2      | Found a faded altar of an unknown god.
  1506 | D:2      | Found a shadowy altar of Dithmenos.
  1754 | D:3      | Became a worshipper of Beogh the Brigand
  1754 | D:3      | Reached * piety under Beogh
  1754 | D:3      | Reached ** piety under Beogh
  1948 | D:3      | Reached skill level 1 in Shields
  2002 | D:3      | Reached skill level 1 in Invocations
  2042 | D:3      | Noticed Grinder
  2054 | D:3      | Paralysed by Grinder for 3 turns
  2066 | D:3      | Killed from afar by Grinder

Illustrated notes

Levels and vault maps discovered:
D:1:      saegor_arrival_simple_d, layout_rooms, corexii_leaking_fountain,
          nrook_loot_triangle, chequers_serial_rivers_micro_e
D:2:      layout_rooms, chequers_temple_overflow_minitemple
D:3:      layout_loops_ring, uniq_grinder

Skill      XL: |  1  2  3  4 |
---------------+-------------+-----
Fighting       | 4 |  4.4
Armour         | 2 |  2.8
Shields        | 1 |  1.1
Invocations    | 1 |  1.0
Axes           | |  4.9
Dodging        | |  2.4
Stealth        | |  1.7

Action                   |  1- 3 |  4- 6 || total
-------------------------+-------+-------++-------
Melee: Hand axe          |   136 |    89 ||   225
Throw: Boomerang         |       |    20 ||    20
Invok: Convert to Beogh  |       |     1 ||     1
  Use: Potion            |       |     1 ||     1
 Stab: Sleeping          |     3 |       ||     3
Armor: Robe              |     6 |       ||     6
       Plate armour      |    58 |    60 ||   118
Dodge: Dodged            |    53 |     8 ||    61
Block: Kite shield       |       |    30 ||    30
